 Dungeon Crawl Stone Soup version 0.26-a0-264-g3a471323bd (webtiles) character file.

Game seed: 11586120408902416541

29 BritishOli the Skirmisher (level 3, -4/29 HPs)
             Began as a Demonspawn Fighter on July 11, 2020.
             Slain by a gnoll
             ... wielding a +0 halberd
              (11 damage)
             ... on level 2 of the Dungeon.
             The game lasted 00:01:06 (1154 turns).

BritishOli the Skirmisher (Demonspawn Fighter)      Turns: 1154, Time: 00:01:07

Health: -4/29      AC:  6    Str: 17    XL:     3   Next: 1%
Magic:  3/3        EV:  7    Int:  9    God:
Gold:   37         SH:  9    Dex: 12    Spells: 2/2 levels left

rFire    + . .     SeeInvis .   a - +0 long sword
rCold    . . .     Faith    .   c - +0 kite shield
rNeg     . . .     Spirit   .   b - +0 scale mail
rPois    .         Reflect  .   (no helmet)
rElec    .         Harm     .   (no cloak)
rCorr    .                      (no gloves)
MR       .....                  (no boots)
Stlth    ..........             (no amulet)
HPRegen  0.09/turn              e - ring of protection from fire
MPRegen  0.08/turn              (no ring)

@: no status effects
A: demonic guardian 1
a: no special abilities


You were on level 2 of the Dungeon.
You were not hungry.

You visited 1 branch of the dungeon, and saw 2 of its levels.

You collected 37 gold pieces.

Inventory:

Hand Weapons
 a - a +0 long sword (weapon)
Armour
 b - a +0 scale mail (worn)
 c - a +0 kite shield (worn)
Jewellery
 e - a ring of protection from fire (left hand)
Scrolls
 g - a scroll of teleportation {unknown}
 h - a scroll of identify {unknown}
 j - a scroll of amnesia {unknown}
Potions
 d - a potion of might
 i - 2 potions of flight {unknown}
Comestibles
 f - 7 rations


   Skills:
 + Level 3.3 Fighting
 + Level 2.1 Long Blades
 + Level 3.0 Armour
 + Level 3.0 Shields


You had 2 spell levels left.
You didn't know any spells.
Your spell library was empty.

Dungeon Overview and Level Annotations

Branches:
Dungeon (2/15)

Altars:


Innate Abilities, Weirdness & Mutations

A weak demonic guardian rushes to your aid.


Message History

You block the gnoll's attack.
Your quasit closely misses the gnoll.
Your quasit claws the gnoll but does no damage.
Your quasit closely misses the gnoll.
The gnoll hits your quasit with a +0 halberd!
Your quasit bites the gnoll.
Your quasit claws the gnoll.
Your quasit barely misses the gnoll.
Your quasit barely misses the gnoll.
Your quasit claws the gnoll.
Your quasit claws the gnoll but does no damage.
The gnoll hits your quasit with a +0 halberd!
Your quasit dies!
You block the gnoll's attack. The gnoll hits you with a +0 halberd.
You closely miss the gnoll.
The gnoll is severely wounded.
The gnoll hits you with a +0 halberd!
* * * LOW HITPOINT WARNING * * *
You closely miss the gnoll.
The gnoll is severely wounded.
The gnoll hits you with a +0 halberd!
You die...

#.# #.# #.#
###
###.######.#
#..........#
##########.#
.......5.#
######.#.#
#.#@# #.#g#
#.#g#########
#.#g..g.g.g.#
#.#########.#
#. #.# #g#
#g#


gg# You could see 3 gnolls and a friendly shadow imp (summoned).

Vanquished Creatures
  An adder (D:2)
  A gnoll (D:1)
  3 bats
  A goblin (D:1)
  3 kobolds (D:1)
  A frilled lizard (D:1)
10 creatures vanquished.

Notes
Turn   | Place    | Note
-------+----------+-------------------------------------------
     0 | D:1      | BritishOli the Demonspawn Fighter began the quest for the
                  | Orb.
     0 | D:1      | Reached XP level 1. HP: 18/18 MP: 1/1
   290 | D:1      | Gained mutation: A weak demonic guardian rushes to your
                  | aid. [demonic ancestry]
   290 | D:1      | Reached XP level 2. HP: 9/24 MP: 2/2
  1059 | D:2      | Reached XP level 3. HP: 29/29 MP: 3/3
  1154 | D:2      | Slain by a gnoll

Illustrated notes

Levels and vault maps discovered:
D:1:      minmay_arrival_stone_box, layout_loops_cross
D:2:      layout_basic

Skill      XL: |  1  2 |
---------------+-------+-----
Long Blades    | 2 |  2.1
Armour         | 3 |  3.0
Shields        | 3 |  3.0
Fighting       | |  3.3

Action                   || total
-------------------------++-------
Melee: Long sword        ||    38
  Eat: Ration            ||     1
Armor: Scale mail        ||    11
Dodge: Dodged            ||     7
Block: Kite shield       ||    23
       Rpst.: Long sword ||     2

Table legend:
 A = Non-vault XP
 B = Vault XP
 C = Vault XP percentage of total XP
 D = Non-vault monster count
 E = Vault monster count
 F = Vault count percentage of total count
                 A         B        C        D         E       F
            +---------+---------+-------+---------+---------+-------
      Total |      42 |       0 |   0.0 |      10 |       0 |   0.0
            +---------+---------+-------+---------+---------+-------
        D:1 |      26 |       0 |   0.0 |       8 |       0 |   0.0
        D:2 |      16 |       0 |   0.0 |       2 |       0 |   0.0
            +---------+---------+-------+---------+---------+-------
